Map: Altitude LE

Players

HedgeFirst

  • Race: Zerg Zerg
  • League: Diamond
  • Spawn Location: 7:00

InvisibleMan - Winner!

  • Race: Protoss Protoss
  • Spawn Location: 1:00

VOD

Have the link to the VOD?

Description

Time

  • Played on: March 17, 2023, 12:31 p.m.
  • Length: 11:15
Show
View Real Time Build Order
Export as new Build Order

HedgeFirst Zerg 

Build Orders: Hatch First 

Get SALT Encoding   

  12  0:00  Drone  
  13  0:12  Overlord  
  13  0:18  Drone  
  14  0:30  Drone x2  
  16  0:49  Hatchery  
  15  0:52  Drone  
  15  0:56  Drone  
  17  0:59  Drone  
  18  1:09  Extractor  
  17  1:15  Spawning Pool  
  16  1:20  Drone  
  16  1:21  Drone  
  18  1:28  Drone  
  19  1:39  Drone  
  20  1:49  Overlord  
  20  2:02  Queen x2  
  20  2:03  Zergling x2  
  20  2:04  Zergling x2  
  26  2:11  Drone  
  26  2:12  Drone  
  28  2:23  Drone  
  28  2:24  Drone  
  28  2:26  Metabolic Boost  
  30  2:36  Drone x2  
  32  2:43  Hatchery  
  31  2:49  Queen  
  33  2:53  Overlord  
  33  2:56  Drone  
  34  3:00  Drone  
  34  3:03  Drone  
  36  3:15  Drone x2  
  36  3:18  Drone  
  39  3:25  Overlord  
  39  3:26  Drone x2  
  41  3:27  Queen  
  41  3:33  Overlord  
  43  3:41  Queen, Roach Warren  
  43  3:46  Evolution Chamber  
  43  3:49  Overlord  
  43  3:52  Drone  
  43  3:53  Drone  
  43  3:55  Drone x2  
  47  3:57  Queen  
  47  4:02  Drone  
  50  4:03  Extractor  
  50  4:04  Extractor  
  50  4:05  Spore Crawler  
  50  4:07  Spore Crawler  
  46  4:17  Drone x2  
  48  4:19  Drone  
  48  4:20  Drone x3  
  53  4:24  Drone x2  
  53  4:25  Drone  
  55  4:32  Zerg Missile Weapons Level 1  
  55  4:37  Lair  
  55  4:42  Drone x2  
  55  4:43  Drone  
  55  4:45  Drone  
  59  4:47  Drone x2  
  61  5:01  Roach  
  61  5:02  Roach x5  
  73  5:09  Spore Crawler  
  70  5:21  Overlord  
  70  5:22  Overlord x3  
  63  5:37  Roach  
  63  5:38  Roach  
  63  5:39  Overlord x3  
  63  5:40  Queen  
  63  5:42  Overlord  
  67  5:45  Queen  
  67  5:47  Drone  
  67  5:48  Drone  
  71  5:50  Drone  
  71  5:51  Drone  
  73  6:00  Drone x2  
  73  6:04  Roach x4  
  77  6:05  Glial Reconstitution  
  83  6:11  Drone x2  
  83  6:14  Drone x3  
  83  6:15  Drone x2  
  90  6:27  Drone x4  
  94  6:36  Overlord x2  
  94  6:49  Drone x2  
  94  6:50  Drone x2, Spore Crawler  
  97  7:06  Drone x4  
  97  7:07  Drone  
  102  7:10  Zergling x2  
  102  7:11  Zergling x8  
  107  7:18  Queen  
  107  7:20  Hatchery  
  103  7:27  Drone x2  
  103  7:29  Extractor  
  100  7:31  Extractor  
  100  7:32  Drone  
  100  7:45  Roach x9  
  117  8:00  Hatchery  
  117  8:01  Drone  
  116  8:06  Drone x4  
  120  8:13  Drone x2  
  120  8:19  Roach x5  
  132  8:29  Hydralisk Den  
  132  8:30  Infestation Pit  
  128  8:37  Zergling x12  
  128  8:39  Queen  
  132  8:42  Spore Crawler  
  131  8:49  Drone x2  
  127  9:04  Roach x8  
  127  9:07  Overlord x2  
  142  9:16  Spine Crawler, Spore Crawler  
  142  9:17  Overlord x2  
  140  9:18  Overlord x3  
  140  9:20  Drone x2  
  142  9:35  Overseer  
  142  9:36  Overseer  
  142  9:38  Overlord x2  
  142  9:40  Queen  
  143  9:48  Extractor  
  143  9:52  Lurker Den  
  141  9:57  Drone x4  
  141  9:58  Drone x4  
  149  10:12  Hatchery  
  150  10:28  Roach  
  150  10:29  Roach x24  
Show
View Real Time Build Order
Export as new Build Order

InvisibleMan Protoss - Winner!

Build Orders: 1 Gate Expand, Zealot Archon, Archon Drop, Dark Templar Rush 

Get SALT Encoding   

  12  0:00  Probe  
  13  0:12  Probe  
  14  0:19  Pylon  
  14  0:25  Probe  
  15  0:37  Probe (Chrono Boost)  
  15  0:38  Gateway  
  16  0:48  Assimilator  
  16  0:49  Probe (Chrono Boost)  
  17  0:54  Probe (Chrono Boost)  
  18  1:04  Probe  
  19  1:16  Probe  
  20  1:24  Nexus  
  20  1:40  Assimilator  
  20  1:42  Cybernetics Core  
  20  1:43  Probe  
  21  1:50  Pylon  
  21  1:55  Probe (Chrono Boost)  
  22  2:07  Probe (Chrono Boost)  
  24  2:15  Probe (Chrono Boost)  
  24  2:18  Stalker  
  24  2:20  Warp Gate  
  26  2:24  Probe, Shield Battery  
  28  2:37  Probe x2 (Chrono Boost), Twilight Council  
  29  2:47  Probe x2 (Chrono Boost)  
  29  2:49  Sentry  
  33  2:51  Probe (Chrono Boost)  
  33  2:52  Probe (Chrono Boost)  
  35  3:03  Probe x2  
  37  3:05  Robotics Facility  
  37  3:15  Probe x2  
  39  3:29  Dark Shrine  
  39  3:34  Gateway x2  
  39  3:36  Gateway  
  39  3:37  Probe x2  
  41  3:43  Assimilator  
  41  3:46  Assimilator  
  41  3:49  Probe x2  
  41  3:52  Warp Prism (Chrono Boost)  
  45  3:59  Pylon  
  45  4:06  Probe  
  46  4:13  Pylon  
  46  4:17  Probe  
  46  4:20  Probe  
  48  4:29  Probe  
  49  4:32  Probe  
  50  4:41  Probe, Dark Templar x4  
  50  4:44  Probe  
  50  4:45  Archon x2  
  60  4:53  Probe  
  60  4:56  Probe  
  62  5:00  Pylon  
  62  5:04  Nexus  
  62  5:05  Pylon  
  62  5:18  Probe  
  63  5:21  Probe  
  63  5:23  Immortal (Chrono Boost)  
  63  5:25  Pylon  
  68  5:30  Probe  
  68  5:33  Probe  
  70  5:42  Probe  
  71  5:45  Probe  
  71  5:46  Forge  
  71  5:47  Forge  
  71  5:48  Robotics Bay  
  71  5:49  Blink, Pylon  
  72  5:54  Probe (Chrono Boost)  
  73  5:58  Probe (Chrono Boost)  
  73  5:59  Immortal (Chrono Boost)  
  73  6:03  Shield Battery  
  78  6:06  Probe (Chrono Boost)  
  78  6:09  Adept  
  78  6:10  Probe (Chrono Boost), Adept  
  84  6:12  Sentry  
  84  6:13  Adept  
  84  6:14  Probe (Chrono Boost)  
  84  6:17  Probe (Chrono Boost)  
  90  6:19  Probe  
  90  6:22  Probe  
  90  6:25  Assimilator  
  92  6:28  Probe  
  92  6:30  Assimilator  
  93  6:35  Protoss Ground Armor Level 1, Protoss Ground Weapons Level 1  
  93  6:38  Colossus (Chrono Boost)  
  99  6:43  Probe x3  
  99  6:46  Robotics Facility  
  102  6:55  Probe x2  
  102  6:58  Pylon  
  104  7:01  Pylon  
  104  7:08  Extended Thermal Lance  
  104  7:28  Colossus (Chrono Boost)  
  104  7:30  Stalker x4  
  104  7:34  Gateway  
  104  7:35  Gateway  
  118  7:40  Gateway, Photon Cannon  
  118  7:41  Shield Battery  
  118  7:42  Gateway  
  118  7:55  Pylon  
  118  7:56  Pylon  
  118  7:57  Pylon  
  124  7:58  Colossus (Chrono Boost), Pylon  
  124  8:10  Pylon  
  124  8:13  Colossus, Dark Templar  
  124  8:14  Dark Templar x3  
  138  8:25  Probe x3  
  141  8:39  Protoss Ground Weapons Level 2 (Chrono Boost), Protoss Ground Armor Level 2 (Chrono Boost)  
  141  8:48  Stalker x4  
  149  9:04  Nexus  
  149  9:05  Pylon  
  149  9:07  Stalker x3  
  149  9:08  Pylon  
  155  9:18  Probe x2  
  155  9:19  Probe  
  155  9:20  Assimilator  
  155  9:22  Assimilator  
  155  9:23  Colossus x2 (Chrono Boost)  
  158  9:25  Pylon  
  158  9:27  Pylon  
  170  9:32  Templar Archives  
  170  9:33  Pylon  
  170  9:44  Archon  
  170  9:46  Archon  
  170  9:50  Zealot x8  
  186  10:07  Observer (Chrono Boost)  
  186  10:08  Observer (Chrono Boost)  
  186  10:13  Stalker x6  
  200  11:01  Stalker x4  
  200  11:02  Stalker x4  
Tags
 
Add a new tag
Caveats
  • Supply blocks, unpowered buildings, or Contaminate may cause inaccurate times.
  • Supply counts are checked every 10 seconds.